 Dungeon Crawl Stone Soup version 0.31-a0-1172-g9944ec47dd (webtiles) character file.

Game seed: 7730007232084096311

903 Zonian the Ruffian (level 7, -16/59 HPs)
             Began as a Demigod Shapeshifter on Dec 10, 2023.
             Demolished by an ogre
             ... wielding a +0 giant club
              (20 damage)
             ... on level 5 of the Dungeon.
             The game lasted 00:18:25 (7594 turns).

Zonian the Ruffian (Demigod Shapeshifter)           Turns: 7594, Time: 00:18:26

Health: -16/59     AC:  2    Str: 23    XL:     7   Next: 50%
Magic:  9/9        EV: 13    Int: 12    God:
Gold:   175        SH:  5    Dex: 13    Spells: 6/6 levels left

rFire   + .          .
                       - Unarmed
rCold   + . .        (no shield)
rNeg    . . .        a - +0 animal skin
rPois   +            (helmet currently unavailable)
rElec   +            (cloak currently unavailable)
rCorr   +            (gloves currently unavailable)
SInv    .            (boots currently unavailable)
Will    .....        n - amulet of reflection
Stlth   +            (no ring)
HPRegen 0.29/turn    (no ring)
MPRegen 0.11/turn

%: reflection
@: beast-form, resistant
A: beast (slay +2), high MP 1, forlorn, divine attributes
a: Begin Untransformation


You were on level 5 of the Dungeon.
You were a hulking beast.
You visited 1 branch of the dungeon, and saw 5 of its levels.

You collected 175 gold pieces.


Innate Abilities, Weirdness & Mutations

You are a hulking beast.
Your limbs bulge with bestial killing power. (Slay +2)
You have an increased reservoir of magic. (+10% MP)
You shall have no god before yourself.
Your divine heritage dramatically boosts your attributes as you level up.


   Skills:
 + Level 4.0 Fighting
 + Level 4.3 Dodging
 + Level 4.8 Unarmed Combat
 + Level 4.5 Shapeshifting


You had 6 spell levels left.
You didn't know any spells.
Your spell library contained the following spells:

 Spells                   Type           Power      Damage    Failure   Level
 Apportation              Tloc           0%         N/A       32%         1
 Necrotise                Necr           0%         1d4       32%         1
 Slow                     Hex            0%         N/A       32%         1
 Summon Small Mammal      Summ           0%         N/A       32%         1
 Confusing Touch          Hex            0%         N/A       69%         3
 Ignite Poison            Fire/Tmut/Pois 0%         N/A       69%         3
 Sigil of Binding         Hex            0%         N/A       69%         3
 Vampiric Draining        Necr           0%         2d6       69%         3
 Sticky Flame             Conj/Fire      0%         2d3       97%         4
 Ignition                 Fire           0%         3d3       100%        8

Inventory:

Hand Weapons
 g - a +0 dagger {short}
   (You took it off a goblin on level 1 of the Dungeon)
 h - a +0 dagger {short}
   (You found it on level 1 of the Dungeon)
 j - a +0 dagger {short}
   (You took it off a goblin on level 1 of the Dungeon)
 k - a +0 short sword {short}
   (You took it off a kobold on level 1 of the Dungeon)
 l - a +2 short sword of speed {short}
   (You took it off a kobold on level 1 of the Dungeon)
 m - a +0 short sword {short}
   (You took it off a kobold on level 1 of the Dungeon)
Missiles
 e - 6 atropa-tipped darts {throwing}
Armour
 a - a +0 animal skin (worn)
 b - a +2 pair of gloves
   (You found it on level 3 of the Dungeon)
Jewellery
 n - an amulet of reflection (around neck)
   (You found it on level 1 of the Dungeon)
Talismans
 c - a beast talisman
 d - a flux talisman
Scrolls
 f - a scroll of vulnerability {!r!r}
Potions
 q - a potion of magic

Dungeon Overview and Level Annotations

Branches:
Dungeon (5/15) Zot: 22448
 Temple: D:4-7

Annotations:
D:2 1 runed translucent door, Crazy Yiuf
D:3 3 runed translucent doors, hgbash's ghost, amateur GrEE

. #. ..## .. .. O#..
#. #.## ...
##.##.J...#
......#.# #.....#
#.#o# . # #..O##
.......#h## #
.#.#..###.########.#
.#...##
##..รท......#
......###.##########
.......#.##
####..#.##
#.....######
#...........
#.....######


You could see an ogre, a jelly and an orc.


Message History

Unknown command.
You punch the iguana!
You kill the iguana! ๐Ÿ˜• HP[+1] Unknown command.
It was a potion of resistance.
You feel protected. The iguana bites you! ๐Ÿ˜ฎ HP[-10]
You take 10 damage, and now have 35/58 hp.
You hit the iguana but do no damage. You block the iguana's attack.
Unknown command.
You closely miss the iguana. The iguana closely misses you.
An orc comes into view.
It is wielding a +1 falchion of holy wrath. ๐Ÿ˜ฎ HP[+1] Unknown command.
The orc shouts!
You punch the iguana!
You hear a shout!
You block the iguana's attack.
Unknown command.
You hit the iguana. The iguana bites you!
* * * LOW HITPOINT WARNING * * *
๐Ÿ˜จ HP[-11]
You take 11 damage, and now have 25/58 hp.
Unknown command.
You hit the iguana. The iguana barely misses you.
Unknown command.
You punch the iguana!
You kill the iguana! ๐Ÿ˜จ HP[+1] Unknown command.
You hit the scorpion. The scorpion stings you.
* * * LOW HITPOINT WARNING * * *
๐Ÿ˜จ HP[-2]
You take 2 damage, and now have 24/58 hp.
Unknown command.
You hit the scorpion but do no damage. The scorpion misses you.
Unknown command.
You hit the scorpion. The scorpion stings you!
* * * LOW HITPOINT WARNING * * *
๐Ÿ˜จ HP[-7]
You take 7 damage, and now have 17/58 hp.
Unknown command.
You hit the scorpion. The scorpion stings you.
* * * LOW HITPOINT WARNING * * *
๐Ÿ˜ฑ HP[-4]
You take 4 damage, and now have 13/58 hp.
Unknown command.
Okay, then.
You hit the scorpion but do no damage. The scorpion stings you.
* * * LOW HITPOINT WARNING * * *
An orc comes into view.
It is wielding a +0 hand axe. ๐Ÿ˜ฑ HP[-3]
You take 3 damage, and now have 10/58 hp.
Unknown command.
The orc shouts!
You punch the scorpion! The scorpion barely misses you. x2
Unknown command.
You hit the scorpion.
You kill the scorpion!
Your Fighting skill increases to level 4! ๐Ÿ˜ฑ HP[+1]
You now have 59 max hp (+1).
Unknown command.
You hit the orc. You block the orc's attack.
Unknown command.
You closely miss the orc. The orc hits you with a +0 dagger.
* * * LOW HITPOINT WARNING * * *
๐Ÿ˜ฑ HP[-3]
You take 3 damage, and now have 8/59 hp.
Unknown command.
You punch the orc!
You kill the orc!
An orc comes into view. It is wielding a +0 hand axe.
Unknown command.
The orc shouts!
You hit the orc.
You hear a shout!
The orc closely misses you. ๐Ÿ˜ฑ HP[+1] Unknown command.
You closely miss the orc.
The orc hits you with a +1 falchion of holy wrath.
* * * LOW HITPOINT WARNING * * *
๐Ÿ˜ฑ HP[-6]
You take 6 damage, and now have 3/59 hp.
Unknown command.
You punch the orc!
You kill the orc!
A jelly comes into view.
Unknown command.
The jelly quivers.
You punch the orc!
You kill the orc! ๐Ÿ˜ฑ HP[+1] Unknown command.
You punch the ogre!
The ogre hits you with a +0 giant club!!
You die...

Skill      XL: |  1  2  3  4  5  6  7 |
---------------+----------------------+-----
Fighting       | 1 2 3 4 |  4.0
Dodging        | 2 3 4 |  4.3
Unarmed Combat | 3 4 |  4.8
Shapeshifting  | 3 4 |  4.5

Action                     |  1- 3 |  4- 6 |  7- 9 || total
---------------------------+-------+-------+-------++-------
  Melee: Unarmed           |   141 |   240 |    78 ||   459
         Punch             |     3 |    10 |     1 ||    14
    Use: Scroll            |     5 |     7 |       ||    12
         Potion            |     1 |     2 |     2 ||     5
   Stab: Sleeping          |     1 |     1 |       ||     2
 Armour: Animal skin       |    63 |    86 |    32 ||   181
         Skin              |     5 |     3 |       ||     8
  Dodge: Dodged            |    66 |   105 |    31 ||   202
  Block: Other             |    16 |    37 |    12 ||    65
         Reflection        |       |     2 |       ||     2

Levels and vault maps discovered:
D:1:      tarquinn_simple_flora_water_e, layout_basic
D:2:      layout_loops_corners, hellmonk_ecumenical_altar_leap_of_faith,
          uniq_crazy_yiuf_cottage, uniq_terence
D:3:      minmay_octagon_keep, layout_basic, nicolae_dithmenos_shadow_blocks,
          okawaru_altar_gauntlet_db, nicolae_yredelemnul_ghost_church,
          wad_floor_pattern_untrapped, kennysheep_generic_room_11, uniq_grinder
D:4:      layout_basic
D:5:      layout_loops_ring, elyvilon_altar_1, minmay_fractal_squares_5,
          uniq_menkaure

Notes
Turn   | Place    | Note
-------+----------+-------------------------------------------
     0 | D:1      | Zonian the Demigod Shapeshifter began the quest for the
                  | Orb.
     0 | D:1      | Reached XP level 1. HP: 15/15 MP: 3/3
     0 | D:1      | magus.rc [v1.9.6]
    50 | D:1      | Reached skill level 1 in Fighting
   132 | D:1      | Reached skill level 2 in Dodging
   136 | D:1      | Reached XP level 2. HP: 12/23 MP: 4/4
   397 | D:1      | You pick up a book of Debilitation and begin reading...
   397 | D:1      | You add the spells Slow, Sigil of Binding, Vampiric
                  | Draining and Confusing Touch to your library.
   446 | D:1      | You add the spells Ignite Poison, Sticky Flame and Ignition
                  | to your library.
   618 | D:1      | Reached skill level 3 in Unarmed Combat
   815 | D:2      | Reached skill level 3 in Shapeshifting
   830 | D:2      | Reached XP level 3. HP: 28/28 MP: 5/5
  1267 | D:2      | Noticed Terence
  1473 | D:2      | Killed Terence
  2060 | D:2      | Found a runed translucent door.
  2061 | D:2      | Noticed Crazy Yiuf
  2257 | D:3      | Reached XP level 4. HP: 28/36 MP: 6/6
  2277 | D:3      | Reached skill level 2 in Fighting
  2631 | D:3      | Found a runed translucent gate.
  2631 | D:3      | Found a runed translucent gate.
  2631 | D:3      | Found a runed translucent gate.
  2631 | D:3      | Noticed hgbash's ghost (amateur GrEE)
  2658 | D:3      | Reached XP level 5. HP: 28/42 MP: 7/7
  2892 | D:3      | Noticed Grinder
  3227 | D:3      | Reached skill level 3 in Dodging
  3390 | D:3      | Paralysed by Grinder for 3 turns
  3394 | D:3      | HP: 4/42 [Grinder/nerve-wracking pain (11)]
  4443 | D:3      | You pick up a book of Cantrips and begin reading...
  4443 | D:3      | You add the spells Necrotise, Summon Small Mammal and
                  | Apportation to your library.
  5031 | D:4      | HP: 8/42 [frozen (4)]
  5038 | D:4      | HP: 5/42 [orc wizard/+0 dagger (1)]
  5043 | D:4      | HP: 6/42 [orc wizard/+0 dagger (1)]
  5230 | D:4      | HP: 11/44 [scorpion (7)]
  5233 | D:4      | Reached skill level 3 in Fighting
  5233 | D:4      | Reached skill level 4 in Unarmed Combat
  5233 | D:4      | Reached XP level 6. HP: 11/51 MP: 8/8
  5245 | D:4      | HP: 12/51 [ball python (2)]
  5735 | D:3      | Paralysed by Grinder for 3 turns
  5747 | D:3      | Killed Grinder
  5748 | D:3      | Reached skill level 4 in Shapeshifting
  6468 | D:4      | Reached XP level 7. HP: 41/57 MP: 9/9
  6913 | D:4      | Reached skill level 4 in Dodging
  7018 | D:5      | Entered Level 5 of the Dungeon
  7583 | D:5      | HP: 13/58 [scorpion (5)]
  7587 | D:5      | Reached skill level 4 in Fighting
  7588 | D:5      | HP: 8/59 [orc/+0 dagger (3)]
  7591 | D:5      | HP: 3/59 [orc/+1 falchion of holy wrath (6)]
  7594 | D:5      | Demolished by an ogre

Vanquished Creatures
  Grinder (D:3)
  A phantom (D:5)
  A water moccasin zombie (D:3)
  2 scorpions
  A hound (D:5)
  A sleepcap (D:4)
  Terence (D:2)
  2 orc wizards
  3 iguanas
  3 gnolls (D:3)
  9 adders
  4 worms
  5 dart slugs
  20 orcs
  6 bats
  6 endoplasms
  3 giant cockroaches
  15 hobgoblins
  2 quokkas
  9 ball pythons
  3 frilled lizards
  10 goblins
  10 kobolds
  7 rats
125 creatures vanquished.

Table legend:
 A = Non-vault XP
 B = Vault XP
 C = Vault XP percentage of total XP
 D = Non-vault monster count
 E = Vault monster count
 F = Vault count percentage of total count
                 A         B        C        D         E       F
            +---------+---------+-------+---------+---------+-------
      Total |     646 |     644 |  49.9 |      99 |      26 |  20.8
            +---------+---------+-------+---------+---------+-------
        D:1 |      41 |       0 |   0.0 |      23 |       0 |   0.0
        D:2 |      35 |      36 |  50.7 |      18 |       1 |   5.3
        D:3 |     134 |     426 |  76.1 |      26 |      20 |  43.5
        D:4 |     255 |       0 |   0.0 |      25 |       0 |   0.0
        D:5 |     181 |     182 |  50.1 |       7 |       5 |  41.7
            +---------+---------+-------+---------+---------+-------

Skill      XL: |  1  2  3  4  5  6  7 |
---------------+----------------------+-----
Fighting       | 1 2 3 4 |  4.0
Dodging        | 2 3 4 |  4.3
Unarmed Combat | 3 4 |  4.8
Shapeshifting  | 3 4 |  4.5

Action                     |  1- 3 |  4- 6 |  7- 9 || total
---------------------------+-------+-------+-------++-------
  Melee: Unarmed           |   141 |   240 |    78 ||   459
         Punch             |     3 |    10 |     1 ||    14
    Use: Scroll            |     5 |     7 |       ||    12
         Potion            |     1 |     2 |     2 ||     5
   Stab: Sleeping          |     1 |     1 |       ||     2
 Armour: Animal skin       |    63 |    86 |    32 ||   181
         Skin              |     5 |     3 |       ||     8
  Dodge: Dodged            |    66 |   105 |    31 ||   202
  Block: Other             |    16 |    37 |    12 ||    65
         Reflection        |       |     2 |       ||     2

Illustrated notes

Table legend:
 A = Kills in this place as a percentage of kills in the entire game.
 B = Kills by you in this place as a percentage of kills by you in the entire game.
 C = Kills by friends in this place as a percentage of kills by friends in the entire game.
 D = Other kills in this place as a percentage of other kills in the entire game.
 E = Experience gained in this place as a percentage of experience gained in the entire game.
 F = Experience gained in this place divided by the number of levels of this place that you have seen.
                   A       B       C       D       E      F
               +-------+-------+-------+-------+-------+----------------------
         Total | 100.0 | 100.0 |   N/A |   N/A | 100.0 | 258.0
       Dungeon | 100.0 | 100.0 |   N/A |   N/A | 100.0 | 258.0
               +-------+-------+-------+-------+-------+----------------------

Table legend: (Time is in decaauts)
 A = Elapsed time spent in this place.
 B = Non-inter-level travel time spent in this place.
 C = Inter-level travel time spent in this place.
 D = Time resting spent in this place.
 E = Time spent auto-exploring this place.
 F = Levels seen in this place.
 G = Mean time per level.
                   A        B        C        D        E       F      G
               +--------+--------+--------+--------+--------+-----+--------+
         Total |   7550 |   7214 |    336 |   3258 |   2443 |   5 | 1510.0 |
       Dungeon |   7550 |   7214 |    336 |   3258 |   2443 |   5 | 1510.0 |
               +--------+--------+--------+--------+--------+-----+--------+

Top non-repeatable levels by time:
     D:3: 2571 daAuts
     D:2: 2107 daAuts
     D:4: 1410 daAuts
     D:1: 892 daAuts
     D:5: 569 daAuts
